 Dungeon Crawl Stone Soup version 0.28.0-43-g3370ac3207 (webtiles) character file.

Game seed: 3729048358048790333

13514 H0rd4k the Eclecticist (level 11, -9/58 HPs)
             Began as a Deep Elf Hedge Wizard on Mar 29, 2022.
             Was an Initiate of Gozag.
             Mangled by a large slime creature (37 damage)
             ... on level 11 of the Dungeon.
             The game lasted 00:29:58 (16303 turns).

H0rd4k the Eclecticist (Deep Elf Hedge Wizard)     Turns: 16303, Time: 00:29:59

Health: -9/58      AC:  2    Str:  7    XL:     11   Next: 76%
Magic:  30/51      EV: 14    Int: 36    God:    Gozag
Gold:   1220       SH:  0    Dex: 16    Spells: 33/42 levels left

rFire   . . .      SeeInvis +   K - +4 short sword of Cocytus {speed, *Rage rN+ SInv}
rCold   + . .      Faith    .   (no shield)
rNeg    + . .      Spirit   .   b - +0 robe
rPois   +          Reflect  .   c - +0 hat
rElec   .          Harm     +   (no cloak)
rCorr   .          Rampage  .   (no gloves)
Will    +....      Rage     20% (no boots)
Stlth   ++........              e - amulet "Kiwica" {Acrobat Harm MP+9}
HPRegen 0.19/turn               n - +6 ring of intelligence
MPRegen 0.32/turn               h - ring of Kem Kam {*Corrode rPois MP+9 Int+6 Dex+4}

@: gold aura
A: horns 1, clumsy 1, cold resistance 1
a: Renounce Religion, Potion Petition, Call Merchant, Bribe Branch


You were on level 11 of the Dungeon.
You worshipped Gozag.
Gozag was most pleased with you.
You visited 2 branches of the dungeon, and saw 12 of its levels.

You collected 2499 gold pieces.
You spent 1188 gold pieces at shops.
You paid 91 gold pieces to Gozag.

Inventory:

Hand Weapons
 K - the +4 short sword of Cocytus (weapon) {speed, *Rage rN+ SInv}
   (You found it on level 5 of the Dungeon)

   Attacks with this weapon are significantly faster.
   rN:        It protects you from negative energy.
   SInv:      It lets you see invisible.
   *Rage:     It berserks you when you make melee attacks (+20% chance).
Armour
 b - a +0 robe (worn)
 c - a +0 hat (worn)
Jewellery
 a - an amulet of magic regeneration
 e - the amulet "Kiwica" (around neck) {Acrobat Harm MP+9}
   (You acquired it on level 8 of the Dungeon)

   [amulet of the acrobat]

   It increases your evasion while moving and waiting.
   MP:        It affects your magic capacity (+9).
   Harm:      It increases damage dealt and taken.
 h - the ring of Kem Kam (right hand) {*Corrode rPois MP+9 Int+6 Dex+4}
   (You bought it in a shop on level 9 of the Dungeon)

   [ring of intelligence]

   Int:       It affects your intelligence (+6).
   Dex:       It affects your dexterity (+4).
   rPois:     It protects you from poison.
   MP:        It affects your magic capacity (+9).
   *Corrode:  It may corrode you when you take damage.
 n - a +6 ring of intelligence (left hand)
 B - a ring of see invisible
 E - a ring of protection from fire
 F - a +4 ring of slaying
 O - a ring of fire
Wands
 y - a wand of charming (12)
 z - a wand of mindburst (13)
 C - a wand of flame (42)
 M - a wand of digging (3)
Scrolls
 f - 2 scrolls of immolation
 i - 2 scrolls of blinking {unknown}
 l - 3 scrolls of teleportation
 m - a scroll of holy word {unknown}
 p - a scroll of torment {unknown}
 q - a scroll of magic mapping {unknown}
 r - a scroll of enchant weapon {unknown}
 s - 2 scrolls of vulnerability
 v - 2 scrolls of fear
 w - a scroll of summoning {unknown}
 G - a scroll of enchant armour {unknown}
 I - 2 scrolls of fog {unknown}
 N - 2 scrolls of identify
Potions
 d - 3 potions of flight
 g - 2 potions of magic
 j - 2 potions of attraction
 k - a potion of lignification
 o - 2 potions of curing
 t - a potion of resistance
 u - a potion of mutation
 x - 2 potions of might
 A - a potion of heal wounds {unknown}
 D - a potion of degeneration {unknown}
 J - a potion of haste {unknown}
Miscellaneous
 H - a lightning rod (4/4)
 L - a condenser vane


   Skills:
 + Level 2.5 Fighting
 + Level 5.0 Dodging
 - Level 2.4 Stealth
 + Level 16.3 Spellcasting
 + Level 12.3 Conjurations
 + Level 1.1 Summonings
 + Level 5.2 Translocations
 + Level 4.3 Fire Magic
 + Level 2.6 Air Magic
 + Level 3.1 Poison Magic
 + Level 1.2 Evocations


You had 33 spell levels left.
You knew the following spells:

 Your Spells              Type           Power      Damage    Failure   Level
a - Magic Dart            Conj           100%       1d8       0%          1
b - Blink                 Tloc           100%       N/A       1%          2
c - Conjure Flame         Conj/Fire      74%        6-21      1%          3
d - Mephitic Cloud        Conj/Pois/Air  64%        N/A       1%          3

Your spell library contained the following spells:

 Spells                   Type           Power      Damage    Failure   Level
 Slow                     Hex            100%       N/A       1%          1
 Sting                    Tmut/Pois      100%       1d8       1%          1
 Call Imp                 Summ           37%        N/A       1%          2
 Ensorcelled Hibernation  Hex/Ice        58%        N/A       1%          2
 Poisonous Vapours        Pois/Air       100%       N/A       1%          2
 Spider Form              Tmut/Pois      40%        N/A       1%          3
 Olgreb's Toxic Radiance  Pois           51%        N/A       3%          4
 Anguish                  Hex/Necr       14%        N/A       12%         4


Dungeon Overview and Level Annotations

Branches:
Dungeon (11/15)            Temple (1/1) D:5            Lair (0/6) D:9
    Orc: D:9-12

Altars:
Ashenzari
Cheibriados
Dithmenos
Elyvilon
Fedhas
Gozag
Hepliaklqana
Kikubaaqudgha
Makhleb
Nemelex Xobeh
Okawaru
Qazlal
Ru
Sif Muna
Trog
Uskayaw
Vehumet
Wu Jian
Xom
Yredelemnul
Zin
The Shining One

Shops:
D:5 !   D:9 =

Annotations:
D:1 exclusion: 2 downstairs
D:2 exclusion: downstairs
D:3 1 exclusion
D:5 exclusion: downstairs
D:6 exclusion: downstairs
D:7 Joseph
D:9 3 runed translucent doors, exclusion: 3 doors, dangdung's ghost, novice MiBe


Innate Abilities, Weirdness & Mutations

You have a pair of small horns on your head.
You are clumsy. (Dex -2)
Your flesh is cold resistant. (rC+)


Message History

You kill the killer bee!
The slime creature is engulfed in blazing flames.
The magic dart hits the slime creature.
The slime creature is almost dead.
The slime creature is engulfed in blazing flames.
You kill the slime creature!
The magic dart hits the slime creature.
The slime creature is lightly wounded.
The magic dart hits the slime creature.
The slime creature is lightly wounded.
The slime creature quivers.
The slime creature is engulfed in blazing flames.
The magic dart hits the slime creature!
The slime creature is heavily wounded.
The slime creature is engulfed in blazing flames. x2
The magic dart hits the slime creature.
The slime creature is almost dead.
The slime creature quivers.
The slime creature is engulfed in blazing flames.
You kill the slime creature!
The slime creature is engulfed in blazing flames.
The magic dart hits the slime creature!
The slime creature is heavily wounded.
The slime creature is engulfed in blazing flames. x2
The slime creature closely misses you.
The magic dart hits the slime creature!
The slime creature is severely wounded.
The slime creature is engulfed in blazing flames.
Two slime creatures merge to form a large slime creature.
The magic dart hits the large slime creature.
The large slime creature is severely wounded.
Casting: Magic Dart (safe; 0% risk of failure)
Confirm with . or Enter, or press ? or * to list all spells.
You blink.
You are engulfed in blazing flames.
Ouch! That really hurt!
The large slime creature is engulfed in blazing flames.
The large slime creature hits you!!
Ouch! That really hurt!
You die...
Your body crumbles into a pile of gold.

#.# #..... ###.#
#....# #...#
#..#... #.###
###......# #<#
#......... ##.#
#.#....... #§.#
#.##...... #J##
#.#####... #@#
##.## #.##
#°######...# #.
#..........#
#.###J..J..####.##
#.# #.#...........
#.# #.#.#######...
#.# #.#.# #.. #.#
#.#.## #.. #.#
#....#######..


You could see a large slime creature.

Vanquished Creatures
  2 hydras
  4 two-headed ogres
  Pikel (D:4)
  Maurice (D:8)
  A troll (D:11)
  Grinder (D:3)
  3 slime creatures (D:11)
  8 yaks
  Sigmund (D:3)
  A steam dragon (D:7)
  4 water moccasins
  3 ice beasts
  5 orc warriors
  4 ogres
  4 black bears
  2 necrophages
  2 lemures (D:4)
  3 centaurs
  3 phantoms
  Blork the orc (D:5)
  4 kobold brigands
  6 bullfrogs
  2 wyvern zombies (D:6)
  2 scorpions
  A water moccasin zombie (D:5)
  A wyvern skeleton (D:6)
  A water moccasin skeleton (D:3)
  4 killer bees (D:11)
  5 wights
  8 jellies
  6 howler monkeys
  7 bullfrog zombies
  8 centaur zombies
  2 bullfrog skeletons (D:6)
  4 centaur skeletons
  2 hounds
  5 orc priests
  2 iguanas (D:7)
  16 orc wizards
  3 killer bee zombies
  A hound skeleton (D:4)
  3 howler monkey zombies
  Robin (D:3)
  9 gnolls
  4 adders
  A howler monkey skeleton (D:7)
  3 white imps
  3 ufetubi
  An adder zombie (D:5)
  An adder skeleton (D:4)
  5 worms
  2 dart slugs
  52 orcs
  7 endoplasms
  3 giant cockroaches
  5 hobgoblins
  2 jackals (D:1)
  2 quokkas
  8 ball pythons
  5 bats
  2 frilled lizards
  9 goblins
  31 kobolds
  7 rats
310 creatures vanquished.

Vanquished Creatures (others)
  A killer bee (D:11)
  4 withered plants (D:6)
5 creatures vanquished.

Grand Total: 315 creatures vanquished

Notes
Turn   | Place    | Note
-------+----------+-------------------------------------------
     0 | D:1      | H0rd4k the Deep Elf Hedge Wizard began the quest for the
                  | Orb.
     0 | D:1      | Reached XP level 1. HP: 10/10 MP: 7/7
   271 | D:1      | Reached XP level 2. HP: 15/15 MP: 7/9
   291 | D:1      | Found a faded altar of an unknown god.
   314 | D:1      | Reached skill level 5 in Spellcasting
  1201 | D:2      | Reached XP level 3. HP: 19/19 MP: 1/11
  1204 | D:2      | Learned a level 2 spell: Blink
  1208 | D:2      | Learned a level 3 spell: Conjure Flame
  1212 | D:2      | Learned a level 3 spell: Mephitic Cloud
  1869 | D:2      | Reached XP level 4. HP: 24/24 MP: 9/13
  1913 | D:2      | Reached skill level 1 in Fire Magic
  2245 | D:2      | Reached skill level 1 in Poison Magic
  2682 | D:3      | Noticed Sigmund
  2774 | D:3      | Noticed a black bear
  2787 | D:3      | Killed a black bear
  2788 | D:3      | Reached skill level 6 in Spellcasting
  2788 | D:3      | Reached skill level 1 in Air Magic
  2788 | D:3      | Reached XP level 5. HP: 28/28 MP: 0/15
  2985 | D:3      | Noticed Grinder
  3183 | D:3      | Killed Sigmund
  3184 | D:3      | Reached skill level 7 in Spellcasting
  3184 | D:3      | Reached XP level 6. HP: 32/32 MP: 7/18
  3355 | D:3      | Noticed Robin
  3369 | D:3      | Killed Robin
  3702 | D:3      | Reached XP level 7. HP: 36/36 MP: 13/20
  3937 | D:4      | Reached skill level 5 in Conjurations
  4107 | D:4      | Reached skill level 8 in Spellcasting
  4156 | D:4      | Noticed Pikel
  4173 | D:4      | Killed Pikel
  4174 | D:4      | Reached skill level 9 in Spellcasting
  4174 | D:4      | Reached XP level 8. HP: 42/42 MP: 12/23
  4887 | D:4      | Reached skill level 10 in Spellcasting
  5392 | D:3      | Paralysed by Grinder for 7 turns
  5403 | D:3      | Killed Grinder
  5644 | D:5      | Entered Level 5 of the Dungeon
  5950 | D:5      | Found a staircase to the Ecumenical Temple.
  5956 | Temple   | Entered the Ecumenical Temple
  6327 | Temple   | Became a worshipper of Gozag Ym Sagoz the Greedy
  6351 | D:5      | Noticed Blork the orc
  6828 | D:5      | Reached skill level 11 in Spellcasting
  6948 | D:5      | Reached XP level 9. HP: 23/46 MP: 15/26
  7774 | D:5      | Found Kyrujaen's Distillery.
  8074 | D:6      | Reached skill level 12 in Spellcasting
  8307 | D:6      | Noticed a two-headed ogre
  8323 | D:6      | Killed a two-headed ogre
  8324 | D:6      | Reached skill level 1 in Fighting
  8428 | D:6      | Reached skill level 13 in Spellcasting
  8549 | D:6      | Reached XP level 10. HP: 36/52 MP: 27/29
  9123 | D:6      | Reached skill level 10 in Conjurations
 10095 | D:7      | Reached skill level 14 in Spellcasting
 10285 | D:7      | Identified the +6 scale mail of Honesty {Rampage rC+ Will+
                  | Str-2}
 10326 | D:7      | Noticed Joseph
 10785 | D:7      | Noticed a four-headed hydra
 11468 | D:8      | Noticed Maurice
 11494 | D:8      | Killed Maurice
 11678 | D:8      | Reached XP level 11. HP: 57/58 MP: 21/31
 12270 | D:7      | Gained mutation: You are clumsy. (Dex -2) [potion of
                  | mutation]
 12270 | D:7      | Gained mutation: Your flesh is cold resistant. (rC+)
                  | [potion of mutation]
 12270 | D:7      | Gained mutation: You have a pair of small horns on your
                  | head. [potion of mutation]
 13003 | D:8      | Identified a scroll of acquirement
 13003 | D:8      | Acquired the amulet "Kiwica" {Acrobat Harm MP+9}
 13087 | D:9      | Found Newipeff's Jewellery Boutique.
 13093 | D:9      | Bought the ring of Kem Kam {*Corrode rPois MP+9 Int+6
                  | Dex+4} for 1188 gold pieces
 13146 | D:9      | Noticed an eight-headed hydra
 13150 | D:9      | Found a bloodstained altar of Trog.
 13194 | D:9      | Killed an eight-headed hydra
 13195 | D:9      | Reached skill level 15 in Spellcasting
 13465 | D:9      | Found a staircase to the Lair.
 13519 | D:9      | Noticed a two-headed ogre
 13542 | D:9      | Reached skill level 1 in Evocations
 13553 | D:9      | Killed a two-headed ogre
 14011 | D:9      | Found a runed translucent gate.
 14012 | D:9      | Found a runed translucent gate.
 14013 | D:9      | Found a runed translucent gate.
 14015 | D:9      | Noticed dangdung's ghost (novice MiBe)
 14299 | D:5      | Identified the +4 short sword of Cocytus {speed, *Rage rN+
                  | SInv}
 14374 | D:5      | Killed Blork the orc
 14524 | D:10     | Entered Level 10 of the Dungeon
 14583 | D:10     | Noticed a two-headed ogre
 14624 | D:10     | Killed a two-headed ogre
 15555 | D:11     | Reached skill level 5 in Translocations
 15562 | D:11     | Noticed a two-headed ogre
 15585 | D:11     | Killed a two-headed ogre
 15586 | D:11     | Reached skill level 5 in Dodging
 15600 | D:11     | Reached skill level 16 in Spellcasting
 16303 | D:11     | Mangled by a large slime creature

Illustrated notes

Levels and vault maps discovered:
D:1:      shiori_shiawase, layout_basic, basic_ecumenical_altar
D:2:      layout_basic
D:3:      layout_basic, minmay_surrounded, uniq_sigmund, uniq_robin,
          uniq_grinder
D:4:      layout_loops_ring, minivault_19, minmay_small_thing, uniq_pikel
D:5:      minmay_opposing_rooms, layout_basic, minmay_temple_entry_hall,
          serial_shops, shop_statue, uniq_blork_the_orc
D:6:      layout_basic, serial_undead, serial_undead_f, serial_undead_b,
          serial_undead_b, serial_undead_a, serial_undead_a, serial_undead_c
D:7:      minmay_polygon_palace, layout_rooms, uniq_joseph
D:8:      layout_basic, uniq_maurice
D:9:      layout_basic, mainiacjoe_overflow_tiny_flanked, lair_entry_dummy,
          ebering_ghost_rock_garden, minmay_shop_enchanted_jewellery
D:10:     hellmonk_ruined_rings, layout_basic
D:11:     layout_loops_ring, david_orc_5, lightli_wizard_tower
Temple:   mainiacjoe_temple_trianglar_array

Skill      XL: |  1  2  3  4  5  6  7  8  9 10 11 |
---------------+----------------------------------+-----
Spellcasting   | 5 6 7 9 11 13 14 16 | 16.3
Dodging        | 3 4 5 |  5.0
Conjurations   | 2 3 4 6 7 9 11 12 | 12.3
Fire Magic     | 1 2 3 4 |  4.3
Poison Magic   | 1 2 3 |  3.1
Air Magic      | 1 2 |  2.6
Translocations | 3 4 5 |  5.2
Fighting       | 1 2 |  2.5
Evocations     | 1 |  1.2
Stealth        | |  2.4
Summonings     | |  1.1

Action                   |  1- 3 |  4- 6 |  7- 9 | 10-12 || total
-------------------------+-------+-------+-------+-------++-------
Melee: Dagger            |     9 |       |       |       ||     9
       Punch             |     1 |       |       |       ||     1
       Short sword       |       |       |       |     1 ||     1
 Cast: Magic Dart        |   105 |   101 |   382 |   632 ||  1220
       Mephitic Cloud    |       |     3 |    10 |    43 ||    56
       Conjure Flame     |       |     4 |    37 |    63 ||   104
       Blink             |       |     2 |    16 |    19 ||    37
Evoke: Wand              |       |       |       |     5 ||     5
  Use: Scroll            |       |       |       |     9 ||     9
       Potion            |       |       |       |     6 ||     6
Armor: Robe              |     6 |     2 |    15 |    13 ||    36
Dodge: Dodged            |    21 |     9 |    51 |   132 ||   213
